 Dungeon Crawl Stone Soup version 0.30.1-11-g7821555f0a (webtiles) character file.

Game seed: 11699177238415354390

51 Eitelfritz the Trooper (level 3, -1/33 HPs)
             Began as a Hill Orc Fighter on Dec 28, 2023.
             Killed from afar by a white imp (5 damage)
             ... with a puff of frost
             ... on level 3 of the Dungeon.
             The game lasted 00:02:05 (1570 turns).

Eitelfritz the Trooper (Hill Orc Fighter)           Turns: 1570, Time: 00:02:06

Health: -1/33      AC:  7    Str: 20    XL:     3   Next: 83%
Magic:  3/3        EV:  9    Int:  8    God:
Gold:   101        SH:  4    Dex: 10    Spells: 2/2 levels left

rFire   . . .        a - +0 war axe
rCold   . . .        c - +0 buckler
rNeg    . . .        b - +0 scale mail
rPois   .            (no helmet)
rElec   .            (no cloak)
rCorr   .            (no gloves)
SInv    .            (no boots)
Will    .....        (no amulet) Stlth
                     (no ring)
HPRegen 0.25/turn    (no ring)
MPRegen 0.08/turn

%: no passive effects
@: no status effects
A: no striking features
a: no special abilities


You were on level 3 of the Dungeon.
You visited 1 branch of the dungeon, and saw 3 of its levels.

You collected 101 gold pieces.

Inventory:

Hand Weapons
 a - a +0 war axe (weapon)
Missiles
 q - 4 poisoned darts (quivered)
Armour
 b - a +0 scale mail (worn)
 c - a +0 buckler (worn)
Jewellery
 k - a ring of wizardry
Scrolls
 h - 2 scrolls of identify {unknown}
 i - 3 scrolls of vulnerability {unknown}
 o - a scroll of amnesia {unknown}
Potions
 d - a potion of might
 e - a potion of attraction {unknown}
 f - 3 potions of curing {unknown}
 g - a potion of mutation {unknown}
 j - a potion of ambrosia {unknown}
 l - a potion of haste {unknown}
 m - a potion of heal wounds {unknown}
 n - a potion of magic {unknown}
 p - 2 potions of brilliance {unknown}
 r - a potion of degeneration {unknown}


   Skills:
 + Level 3.9 Fighting
 + Level 3.8 Axes
 + Level 3.7 Armour
 + Level 0.2 Dodging
 + Level 3.8 Shields


You had 2 spell levels left.
You didn't know any spells.
Your spell library was empty.

Dungeon Overview and Level Annotations

Branches:
Dungeon (3/15)

Altars:
Yredelemnul


Message History

An adder comes into view.
The adder hisses angrily.
You closely miss the adder. The adder bites you but does no damage.
You slash the adder!
You kill the adder!
An adder comes into view.
The adder hisses angrily.
Found a book of Flames and 6 stones.
An adder is nearby!
A white imp comes into view.
The white imp shouts!
You hit the adder but do no damage. The adder bites you.
You block the adder's attack.
You closely miss the adder. The adder barely misses you. The adder bites you.
You are poisoned.
The adder poisons you!
You closely miss the adder.
You feel sick. You block the adder's attack. The white imp gestures at you.
The puff of frost hits you!
You slash the adder!
The adder is almost dead.
You feel sick.
The adder bites you but does no damage. x2
You closely miss the adder.
The adder is almost dead.
You feel sick.
You are no longer poisoned.
The adder closely misses you. The white imp gestures at you.
The puff of frost hits you!
* * * LOW HITPOINT WARNING * * *
The adder bites you but does no damage.
You completely miss the adder.
The adder is almost dead.
The adder bites you but does no damage.
You closely miss the adder.
The adder is almost dead.
You barely miss the white imp. The adder barely misses you.
The white imp gestures at you. The puff of frost hits you.
You die...

.(.... .............
.....#####.#.........
#......# #.#.#.#..###
#......# #.#.#.......
#......# #.#.#.#.....
#......# #.#.#.#.....
#..?...# #.#...#.....
#......# #...#.#.....
#..5@..###.###.######
#..S............#
...........#########
......###..# ......
#...# ....:. #..##
##### #..# #..# #..


You could see an adder and a white imp.

Vanquished Creatures
  An adder (D:3)
  A worm (D:2)
  A dart slug (D:1)
  An orc (D:2)
  5 bats (D:1)
  2 endoplasms
  2 giant cockroaches
  5 goblins (D:1)
  3 hobgoblins
  4 kobolds
  2 ball pythons
  2 frilled lizards
  8 rats
37 creatures vanquished.

Notes
Turn   | Place    | Note
-------+----------+-------------------------------------------
     0 | D:1      | Eitelfritz the Hill Orc Fighter began the quest for the
                  | Orb.
     0 | D:1      | Reached XP level 1. HP: 19/19 MP: 1/1
   109 | D:1      | Reached XP level 2. HP: 11/27 MP: 2/2
   698 | D:1      | Reached XP level 3. HP: 33/33 MP: 3/3
   861 | D:2      | Found a basalt altar of Yredelemnul.
  1204 | D:2      | Found a faded altar of an unknown god.
  1570 | D:3      | Killed from afar by a white imp

Illustrated notes

Levels and vault maps discovered:
D:1:      dpeg_arrival_houses_and_road, layout_loops_cross, minmay_tall_x
D:2:      layout_loops_ring, basic_altar,
          shapermc_ecumenical_altar_mp_urbaneastern
D:3:      layout_basic, okawaru_trees_1

Skill      XL: |  1 |
---------------+----+-----
Axes           | 3 |  3.8
Fighting       | |  3.9
Armour         | |  3.7
Dodging        | |  0.2
Shields        | |  3.8

Action                     || total
---------------------------++-------
  Melee: War axe           ||   105
 Armour: Scale mail        ||    61
  Dodge: Dodged            ||    44
  Block: Buckler           ||    17
